 Dungeon Crawl Stone Soup version 0.26-a0-537-g96b2eae49b (webtiles) character file.

Game seed: 17661350349496164130

161 MrRokkomies the Chiller (level 4, -13/36 HPs)
             Began as a Demigod Ice Elementalist on Aug 14, 2020.
             Mangled by Pikel
             ... wielding a +1 whip of electrocution
              (20 damage)
             ... on level 4 of the Dungeon.
             The game lasted 00:05:49 (3360 turns).

MrRokkomies the Chiller (Demigod Ice Elementalist)  Turns: 3360, Time: 00:05:50

Health: -13/36     AC:  5    Str: 11    XL:     4   Next: 97%
Magic:  4/9        EV: 14    Int: 21    God:
Gold:   156        SH:  0    Dex: 16    Spells: 0/7 levels left

rFire    . . .     SeeInvis .   a - +1 flail
rCold    . . .     Faith    .   (no shield)
rNeg     . . .     Spirit   .   o - +0 robe
rPois    .         Reflect  .   (no helmet)
rElec    .         Harm     .   (no cloak)
rCorr    .                      p - +0 pair of gloves
MR       .....                  j - +1 pair of boots
Stlth    ++........             (no amulet)
HPRegen  0.12/turn              (no ring)
MPRegen  0.11/turn              (no ring)

@: mighty, very slightly contaminated
A: high mp 1
a: no special abilities


You were on level 4 of the Dungeon.
You visited 1 branch of the dungeon, and saw 4 of its levels.

You collected 156 gold pieces.

Inventory:

Hand Weapons
 a - a +1 flail (weapon)
 b - a +0 hunting sling
Missiles
 q - 76 stones (quivered)
Armour
 j - a +1 pair of boots (worn)
 o - a +0 robe (worn)
 p - a +0 pair of gloves (worn)
Scrolls
 h - a scroll of teleportation
 k - a scroll of identify
 l - 3 scrolls of magic mapping
Potions
 c - a potion of haste {unknown}
 d - a potion of degeneration {unknown}
 f - 2 potions of brilliance
 i - a potion of might
 m - 3 potions of curing {unknown}
 n - a potion of flight {unknown}


   Skills:
 + Level 1.6 Fighting
 * Level 3.2 Dodging
 - Level 1.7 Stealth
 + Level 2.1 Spellcasting
 * Level 4.5 Ice Magic


You couldn't memorise any spells.
You knew the following spells:

 Your Spells              Type           Power        Failure   Level
a - Freeze                Ice            ###.         2%          1
b - Frozen Ramparts       Ice            ###...       7%          3
c - Ozocubu's Armour      Ice            ###.....     7%          3

Your spell library contained the following spells:

 Spells                   Type           Power        Failure   Level
 Hailstorm                Conj/Ice       ##......     50%         4
 Summon Ice Beast         Ice/Summ       ##......     50%         4


Dungeon Overview and Level Annotations

Branches:
Dungeon (4/15)             Temple (0/1) D:4

Annotations:
D:4 Menkaure, Pikel


Innate Abilities, Weirdness & Mutations

You have an increased reservoir of magic. (+10% MP)


Message History

You are very lightly contaminated with residual magic.
Nothing appears to happen.
The wall freezes the lemure. x2
Unknown command.
Throwing (i - inventory)
q - 76 stones (quivered)
Press: ? - help, Shift-Dir - straight line, f - Pikel
Aim: Pikel, wielding a +1 whip of electrocution and wearing a +0 robe (lightly wounded)
Okay, then.
Unknown command.
You feel very mighty all of a sudden.
The frozen ramparts melt away.
Pikel hits you with a +1 whip of electrocution.
You are electrocuted!!
Ouch! That really hurt!
You sock Pikel!
Pikel is moderately wounded.
Pikel hits you with a +1 whip of electrocution!
* * * LOW HITPOINT WARNING * * *
You are electrocuted!!
Ouch! That really hurt!
You die...

#(#. #.# ..
#...#.# #K# ...#.#
#.# .8#.# ##5####
+####..# #.....
.M.....###5.#
#55....# #K###..#
#@# #..##### #.#
#..<...#
...............
......≈≈≈≈≈.....
.....≈≈≈≈≈≈≈≈≈...
##..≈≈≈≈≈≈≈≈≈≈≈≈≈.
..≈≈≈≈≈≈...≈≈≈≈≈≈
##.≈≈≈≈≈≈[>(≈≈≈≈≈≈
≈≈≈≈≈≈...≈≈≈≈≈≈


You could see Pikel and 2 lemures.

Vanquished Creatures
  An orc priest (D:3)
  5 adders
  2 worms (D:2)
  2 dart slugs
  4 leopard geckos
  3 orcs (D:3)
  A ball python (D:3)
  8 bats
  8 giant cockroaches
  6 goblins
  7 hobgoblins
  4 jackals (D:3)
  A quokka (D:2)
  6 frilled lizards
  3 kobolds
  A quokka skeleton (D:3)
  8 rats
70 creatures vanquished.

Notes
Turn   | Place    | Note
-------+----------+-------------------------------------------
     0 | D:1      | MrRokkomies the Demigod Ice Elementalist began the quest
                  | for the Orb.
     0 | D:1      | Reached XP level 1. HP: 14/14 MP: 5/5
   341 | D:1      | Reached XP level 2. HP: 22/22 MP: 5/7
   954 | D:1      | Reached skill level 4 in Ice Magic
  1358 | D:2      | Reached XP level 3. HP: 19/27 MP: 8/8
  1455 | D:2      | Reached skill level 1 in Fighting
  1460 | D:2      | Learned a level 3 spell: Frozen Ramparts
  2010 | D:2      | Reached XP level 4. HP: 33/35 MP: 5/9
  2918 | D:3      | Learned a level 3 spell: Ozocubu's Armour
  3302 | D:3      | Found a shadowy altar of Dithmenos.
  3346 | D:4      | Found a staircase to the Ecumenical Temple.
  3346 | D:4      | Noticed a lemure
  3347 | D:4      | Noticed a lemure
  3348 | D:4      | Noticed Pikel
  3350 | D:4      | Noticed Menkaure
  3360 | D:4      | Mangled by Pikel

Illustrated notes

Levels and vault maps discovered:
D:1:      heliophobic_arrival_dark_side_of_the_moon, layout_basic
D:2:      minmay_skewed_foursquare, layout_basic,
          hangedman_abyss_or_decor_stabs, minmay_tromino_v4_c
D:3:      kennysheep_big_flooded_room, layout_basic,
          nicolae_dithmenos_through_a_glass_darkly
D:4:      layout_loops_ring, nicolae_ru_sacrificial_ziggurat, temple_pool_b,
          minivault_1, uniq_pikel, uniq_menkaure, uniq_natasha

Skill      XL: |  1  2  3  4 |
---------------+-------------+-----
Dodging        | 2 3 |  3.2
Ice Magic      | 4 |  4.5
Fighting       | 1 |  1.6
Spellcasting   | 2 |  2.1
Stealth        | |  1.7

Action                   |  1- 3 |  4- 6 || total
-------------------------+-------+-------++-------
Melee: Unarmed           |     3 |       ||     3
       Mace              |    74 |    30 ||   104
       Flail             |       |    35 ||    35
 Fire: Hunting sling     |       |     6 ||     6
 Cast: Freeze            |    29 |     7 ||    36
       Frozen Ramparts   |     1 |     5 ||     6
  Use: Scroll            |     3 |     8 ||    11
       Potion            |       |     1 ||     1
 Stab: Sleeping          |     4 |       ||     4
Armor: Robe              |    37 |    25 ||    62
Dodge: Dodged            |    81 |    74 ||   155

Table legend: (Time is in decaauts)
 A = Elapsed time spent in this place.
 B = Non-inter-level travel time spent in this place.
 C = Inter-level travel time spent in this place.
 D = Time resting spent in this place.
 E = Time spent auto-exploring this place.
 F = Levels seen in this place.
 G = Mean time per level.
                   A        B        C        D        E       F      G
               +--------+--------+--------+--------+--------+-----+--------+
         Total |   3415 |   3232 |    183 |      0 |   2655 |   4 |  853.8 |
       Dungeon |   3415 |   3232 |    183 |      0 |   2655 |   4 |  853.8 |
               +--------+--------+--------+--------+--------+-----+--------+

Top non-repeatable levels by time:
     D:1: 1362 daAuts
     D:2: 1339 daAuts
     D:3: 697 daAuts
     D:4: 15 daAuts
